 Dungeon Crawl Stone Soup version 0.20.1-1-g8b1a95d (webtiles) character file.

52 Giltor the Sneak (level 3, -3/24 HPs)
             Began as a Vampire Enchanter on July 13, 2017.
             Slain by a gnoll
             ... wielding a +0 spear
              (6 damage)
             ... on level 2 of the Dungeon.
             The game lasted 00:26:34 (1449 turns).

Giltor the Sneak (Vampire Enchanter)                Turns: 1449, Time: 00:26:35

Health: -3/24      AC:  4    Str: 13    XL:     3   Next: 60%
Magic:  0/6        EV: 12    Int: 17    God:
Gold:   45         SH:  0    Dex: 14    Spells: 3/6 levels left

rFire    . . .     SeeInvis +   a - +1 dagger
rCold    + . .     Gourm    .   (no shield)
rNeg     + + .     Faith    .   b - +1 robe
rPois    +         Spirit   .   (no helmet)
rElec    .         Reflect  .   e - +0 cloak
rCorr    .         Harm     .   (no gloves)
MR       .....                  (no boots)
Stlth    ++++......             (no amulet)
Regen    0.1/turn               m - +5 ring of strength
MPRegen  0.1/turn               (no ring)

@: regenerating slowly
A: fangs 3, see invisible, unbreathing
a: Bat Form


You were on level 2 of the Dungeon.
You were near bloodless.

You visited 1 branch of the dungeon, and saw 2 of its levels.

You collected 45 gold pieces.

Inventory:

Hand Weapons
 a - a +1 dagger (weapon)
Missiles
 f - 28 poisoned needles
Armour
 b - a +1 robe (worn)
 e - a +0 cloak (worn)
Jewellery
 m - a +5 ring of strength (left hand)
Scrolls
 g - a scroll of identify {unknown}
 h - a scroll of teleportation {unknown}
 i - a scroll of remove curse
 j - 2 scrolls of enchant armour
 l - a scroll of enchant weapon {unknown}
Potions
 d - 7 potions of blood
 k - 2 potions of lignification {unknown}
 n - a potion of cancellation {unknown}
Books
 c - a book of Maledictions

   Spells                             Type                      Level
   a - Corona                         Hexes                        1
   b - Ensorcelled Hibernation        Hexes/Ice                    2
   c - Confuse                        Hexes                        3
   d - Tukima's Dance                 Hexes                        3
   e - Dazzling Spray                 Conjuration/Hexes            3


   Skills:
 - Level 2.0 Short Blades
 - Level 2.1 Dodging
 * Level 6.2 Stealth
 - Level 2.0 Spellcasting
 - Level 4.4 Hexes
 - Level 1.0 Ice Magic


You had 3 spell levels left.
You knew the following spells:

 Your Spells              Type           Power        Failure   Level  Hunger
a - Corona                Hex            ###....      3%          1    #......
b - Ensorcelled Hibernat  Hex/Ice        ##....       10%         2    ###....


Dungeon Overview and Level Annotations

Branches:
Dungeon (2/15)

Altars:


Innate Abilities, Weirdness & Mutations

You heal slowly.
You have razor-sharp teeth.
You have supernaturally acute eyesight. (SInv)
You can survive without breathing.


Message History

a dagger; a club
Casting: Ensorcelled Hibernation
Confirm with . or Enter, or press ? or * to list all spells.
Aiming: Ensorcelled Hibernation
Press: ? - help, Shift-Dir - straight line, f/p - gnoll
Aim: a gnoll, wielding a spear, wearing a plate armour and wearing a small steel ring (chance to defeat MR: 50%)
The gnoll resists with almost no effort.
The gnoll closely misses you.
Things that are here:
a dagger; a club
Casting: Ensorcelled Hibernation
Confirm with . or Enter, or press ? or * to list all spells.
Aiming: Ensorcelled Hibernation
Press: ? - help, Shift-Dir - straight line, f/p - gnoll
Aim: a gnoll, wielding a spear, wearing a plate armour and wearing a small steel ring (chance to defeat MR: 50%)
The gnoll looks drowsy...
The gnoll hits you with a spear!
* * * LOW HITPOINT WARNING * * *
The gnoll hits you from afar with a spear.
You die...

..# #.#..###
..###.##.#########
......>...g......#
....#.##.#######.#
....#.##..# #.#
....#.##..# #.#
รท...#.##..## #.#
....#.###..# #.#
....#.###..#####@#
#####.........g..#
######..######
#... #.... #.....
#...... #......b
#........


You could see a gnoll.

Vanquished Creatures
  A gnoll (D:2)
  An adder (D:2)
  2 oozes (D:1)
  A dart slug (D:1)
  2 hobgoblins
  A quokka (D:2)
  3 bats
  A frilled lizard (D:1)
  6 goblins (D:1)
  4 kobolds
  3 rats (D:1)
25 creatures vanquished.

Notes
Turn   | Place    | Note
-------+----------+-------------------------------------------
     0 | D:1      | Giltor the Vampire Enchanter began the quest for the Orb.
     0 | D:1      | Reached XP level 1. HP: 13/13 MP: 3/3
   254 | D:1      | Reached skill level 5 in Stealth
   375 | D:1      | Reached XP level 2. HP: 8/19 MP: 3/5
   394 | D:1      | Learned a level 2 spell: Ensorcelled Hibernation
   907 | D:1      | Reached skill level 1 in Ice Magic
  1179 | D:2      | Reached XP level 3. HP: 23/24 MP: 3/6
  1320 | D:2      | Reached skill level 6 in Stealth
  1449 | D:2      | Slain by a gnoll

Skill      XL: |  1  2  3 |
---------------+----------+-----
Stealth        | 5 6 |  6.2
Short Blades   | 2 |  2.0
Ice Magic      | 1 |  1.0
Dodging        | |  2.1
Spellcasting   | |  2.0
Hexes          | |  4.4

Action                   || total
-------------------------++-------
Melee: Dagger            ||    76
       Bite              ||     5
 Cast: Corona            ||     2
       Ensorcelled Hiber ||    19
  Use: Scroll            ||     2
 Stab: Sleeping          ||    12
Armor: Robe              ||    17
Dodge: Dodged            ||    45
